APP
CHICAGO (APP) CUBS @ HELENA BREWERS
08/27/2046
 
TOP OF THE 1ST
Chicago (APP) Cubs batting - Pitching for Helena Brewers : RHP Tom Wendel
Pitching: RHP Tom Wendel
Batting: RHB Adrian Cox 0-0: Ball
1-0: Ball
2-0: SINGLE (Groundball, 56D, EV 102.5 MPH)
Batting: RHB Mike Hill 0-0: Ball
Adrian Cox steals 2nd base
1-0: Foul Ball, location: 2F
1-1: Called Strike
1-2: Strikes out swinging
Batting: LHB Hiroki Yamamoto 0-0: Called Strike
0-1: SINGLE (Groundball, 56D, EV 106.9 MPH)
Adrian Cox to third
Runner from 3rd tries for Home, SAFE, throw by LF to home
Batting: RHB T.J. Garrison 0-0: Ball
1-0: Called Strike
1-1: Called Strike
1-2: Strikes out swinging
Batting: RHB Dustin Goldsborough 0-0: Ball
1-0: Ball
2-0: Called Strike
2-1: Ball
3-1: Foul Ball, location: 2F
3-2: Strikes out looking
Top of the 1st over - 1 run, 2 hits, 0 errors, 1 left on base; Chicago (APP) 1 - Helena 0
BOTTOM OF THE 1ST
Helena Brewers batting - Pitching for Chicago (APP) Cubs : LHP Tom Mooney
Pitching: LHP Tom Mooney
Batting: LHB John Fortin 0-0: Ball
1-0: Ball
2-0: Swinging Strike
2-1: Foul Ball, location: 2F
2-2: SINGLE (Groundball, 34D, EV 104.4 MPH)
Batting: RHB Dan Allred 0-0: Fly out, F8 (Flyball, 8LS, EV 95.6 MPH)
Batting: RHB Chris Fruit 0-0: Ball
1-0: Foul Ball, location: 2F
1-1: Swinging Strike
1-2: Ball
2-2: Strikes out swinging
Batting: RHB Alfredo Sena 0-0: Ball
1-0: Called Strike
1-1: Foul Ball, location: 2F
1-2: 2-RUN HOME RUN (Flyball, 78XD, EV 104.4 MPH), Distance : 415 ft
Batting: SHB Justin Hensley 0-0: Foul Ball, location: 2F
0-1: SOLO HOME RUN (Flyball, 7D, EV 96.9 MPH), Distance : 376 ft
Batting: RHB Drew Forbess 0-0: Ball
1-0: Swinging Strike
1-1: Foul Ball, location: 2F
1-2: Strikes out swinging
Bottom of the 1st over - 3 runs, 3 hits, 0 errors, 0 left on base; Chicago (APP) 1 - Helena 3
TOP OF THE 2ND
Chicago (APP) Cubs batting - Pitching for Helena Brewers : RHP Tom Wendel
Batting: RHB Andy Baumhardt 0-0: Ball
1-0: Foul Ball, location: 2F
1-1: Ball
2-1: Ball
3-1: Swinging Strike
3-2: Strikes out swinging
Batting: LHB Velimir Sljivancanin 0-0: Called Strike
0-1: Ball
1-1: Swinging Strike
1-2: Foul Ball, location: 2F
1-2: Ball
2-2: Strikes out looking
Batting: RHB Ricardo Saucedo 0-0: Ball
1-0: Ball
2-0: Ground out U3 (Groundball, 23, EV 89.4 MPH)
Top of the 2nd over - 0 runs, 0 hits, 0 errors, 0 left on base; Chicago (APP) 1 - Helena 3
BOTTOM OF THE 2ND
Helena Brewers batting - Pitching for Chicago (APP) Cubs : LHP Tom Mooney
Batting: RHB Manny Olave 0-0: Swinging Strike
0-1: Fly out, F7 (Flyball, 7S, EV 90.6 MPH)
Batting: RHB Justin Marino 0-0: Called Strike
0-1: Called Strike
0-2: Ball
1-2: Ground out 5-3 (Groundball, 56, EV 109.4 MPH)
Batting: RHB Jesus Menjivar 0-0: Called Strike
0-1: SOLO HOME RUN (Flyball, 7LD, EV 95.6 MPH), Distance : 346 ft
Batting: LHB John Fortin 0-0: Ball
1-0: Ball
2-0: Ball
3-0: Called Strike
3-1: Swinging Strike
3-2: Reached on error, E4 (Groundball, 4D, EV 88.1 MPH)
Batting: RHB Dan Allred 0-0: Called Strike
0-1: Ball
John Fortin is caught stealing 2nd base 2-4
Bottom of the 2nd over - 1 run, 1 hit, 1 error, 0 left on base; Chicago (APP) 1 - Helena 4
TOP OF THE 3RD
Chicago (APP) Cubs batting - Pitching for Helena Brewers : RHP Tom Wendel
Batting: RHB Bogdan Sdobnyakov 0-0: Swinging Strike
0-1: SINGLE (Line Drive, 4MD, EV 105.0 MPH)
Batting: RHB Adrian Cox 0-0: Called Strike
0-1: Ball
1-1: Ball
2-1: Foul Ball, location: 2F
2-2: Strikes out swinging
Batting: RHB Mike Hill 0-0: Called Strike
0-1: Swinging Strike
0-2: Strikes out swinging
Batting: LHB Hiroki Yamamoto 0-0: Foul Ball, location: 2F
0-1: Ball
1-1: Foul Ball, location: 2F
1-2: Ball
2-2: Ground out 4-3 (Groundball, 4, EV 88.8 MPH)
Top of the 3rd over - 0 runs, 1 hit, 0 errors, 1 left on base; Chicago (APP) 1 - Helena 4
BOTTOM OF THE 3RD
Helena Brewers batting - Pitching for Chicago (APP) Cubs : LHP Tom Mooney
Batting: RHB Dan Allred 0-0: Foul Ball, location: 2F
0-1: Ball
1-1: Foul Ball, location: 2F
1-2: Ball
2-2: Foul Ball, location: 2F
2-2: Fly out, F8 (Flyball, 89M, EV 91.9 MPH)
Batting: RHB Chris Fruit 0-0: Ball
1-0: SOLO HOME RUN (Flyball, 7LD, EV 92.5 MPH), Distance : 361 ft
Batting: RHB Alfredo Sena 0-0: Foul Ball, location: 2F
0-1: Ball
1-1: Swinging Strike
1-2: Ball
2-2: Ball
3-2: Strikes out swinging
Batting: SHB Justin Hensley 0-0: Foul Ball, location: 2F
0-1: Ball
1-1: Foul Ball, location: 2F
1-2: Ball
2-2: Foul Ball, location: 2F
2-2: SOLO HOME RUN (Flyball, 78XD, EV 108.1 MPH), Distance : 408 ft
Batting: RHB Drew Forbess 0-0: Fly out, F8 (Flyball, 8RXD, EV 108.1 MPH)
Bottom of the 3rd over - 2 runs, 2 hits, 0 errors, 0 left on base; Chicago (APP) 1 - Helena 6
TOP OF THE 4TH
Chicago (APP) Cubs batting - Pitching for Helena Brewers : RHP Tom Wendel
Batting: RHB T.J. Garrison 0-0: Called Strike
0-1: Ball
1-1: Called Strike
1-2: Ball
2-2: Ball
3-2: Strikes out swinging
Batting: RHB Dustin Goldsborough 0-0: Called Strike
0-1: Fly out, F5 (Popup, 5SF, EV 71.9 MPH)
Batting: RHB Andy Baumhardt 0-0: Called Strike
0-1: Foul Ball, location: 2F
0-2: Ground out 5-3 (Groundball, 56S, EV 67.5 MPH)
Top of the 4th over - 0 runs, 0 hits, 0 errors, 0 left on base; Chicago (APP) 1 - Helena 6
BOTTOM OF THE 4TH
Helena Brewers batting - Pitching for Chicago (APP) Cubs : LHP Tom Mooney
Batting: RHB Manny Olave 0-0: Foul Ball, location: 2F
0-1: Swinging Strike
0-2: SINGLE (Line Drive, 7S, EV 103.1 MPH)
Batting: RHB Justin Marino 0-0: Ball
1-0: Swinging Strike
1-1: Ball
2-1: Ball
3-1: Called Strike
3-2: Foul Ball, location: 2F
3-2: Foul Ball, location: 2F
3-2: Foul Ball, location: 2F
3-2: Base on Balls
Manny Olave to second
Batting: RHB Jesus Menjivar 0-0: Called Strike
0-1: Foul Ball, location: 2F
0-2: Ball
1-2: Fielders Choice at 2nd, 4-6 (Groundball, 34, EV 101.9 MPH)
Manny Olave to third
Pitching: RHP Trevor Woodbury
Batting: LHB John Fortin 0-0: Called Strike
0-1: Foul Ball, location: 2F
0-2: Ball
1-2: Ball
2-2: Fielders Choice at 2nd, 4-6 (Groundball, 4, EV 82.5 MPH)
Manny Olave scores
Batting: RHB Dan Allred 0-0: Ball
1-0: Fly out, F7 (Flyball, 7, EV 83.8 MPH)
Bottom of the 4th over - 1 run, 1 hit, 0 errors, 1 left on base; Chicago (APP) 1 - Helena 7
TOP OF THE 5TH
Chicago (APP) Cubs batting - Pitching for Helena Brewers : RHP Tom Wendel
Batting: LHB Velimir Sljivancanin 0-0: Ball
1-0: Fly out, F9 (Flyball, 9, EV 88.1 MPH)
Batting: RHB Ricardo Saucedo 0-0: Ball
1-0: Foul Ball, location: 2F
1-1: Swinging Strike
1-2: Ball
2-2: Strikes out swinging
Batting: RHB Bogdan Sdobnyakov 0-0: Ball
1-0: Foul Ball, location: 2F
1-1: Foul Ball, location: 2F
1-2: Ball
2-2: Foul Ball, location: 2F
2-2: Foul Ball, location: 2F
2-2: Ball
3-2: Strikes out swinging
Top of the 5th over - 0 runs, 0 hits, 0 errors, 0 left on base; Chicago (APP) 1 - Helena 7
BOTTOM OF THE 5TH
Helena Brewers batting - Pitching for Chicago (APP) Cubs : RHP Trevor Woodbury
Batting: RHB Chris Fruit 0-0: Ball
1-0: Ball
2-0: Ball
3-0: Base on Balls
Batting: RHB Alfredo Sena 0-0: 2-RUN HOME RUN (Flyball, 7D, EV 97.5 MPH), Distance : 368 ft
Batting: SHB Justin Hensley 0-0: Ball
1-0: Swinging Strike
1-1: Swinging Strike
1-2: Ball
2-2: Foul Ball, location: 2F
2-2: Ball
3-2: Base on Balls
Batting: RHB Drew Forbess 0-0: Called Strike
0-1: Called Strike
0-2: Ball
1-2: 2-RUN HOME RUN (Flyball, 7LD, EV 97.5 MPH), Distance : 361 ft
Pitching: RHP Anastagio Fasola
Batting: RHB Manny Olave 0-0: Ball
1-0: Swinging Strike
1-1: Called Strike
1-2: Ball
2-2: Ground out 5-3 (Groundball, 56, EV 84.4 MPH)
Batting: RHB Justin Marino 0-0: Called Strike
0-1: Hit by Pitch
Batting: RHB Jesus Menjivar 0-0: Foul Ball, location: 2F
0-1: Called Strike
0-2: DOUBLE (Groundball, 5L, EV 103.1 MPH)
Justin Marino to third
Batting: LHB John Fortin 0-0: Called Strike
0-1: Foul Ball, location: 2F
0-2: Foul Ball, location: 2F
0-2: Ball
1-2: Ball
2-2: Ball
3-2: Base on Balls
Batting: RHB Dan Allred 0-0: Called Strike
0-1: Ball
1-1: Ball
2-1: Reached via error on a dropped throw from 2B, E6 (Groundball, 4, EV 95.0 MPH)
Justin Marino scores
Jesus Menjivar to third
John Fortin to second
Pitching: RHP Roberto Cruz
Batting: RHB Chris Fruit 0-0: Called Strike
0-1: Ball
1-1: Swinging Strike
1-2: Foul Ball, location: 2F
1-2: Foul Ball, location: 7LSF, Error on foul ball, E7
1-2: Foul Ball, location: 2F
1-2: Ball
Wild Pitch!
Jesus Menjivar scores
John Fortin to third
Dan Allred to second
2-2: Foul Ball, location: 2F
2-2: Foul Ball, location: 2F
2-2: 3-RUN HOME RUN (Flyball, 78XD, EV 105.6 MPH), Distance : 411 ft
Batting: RHB Alfredo Sena 0-0: Foul Ball, location: 2F
0-1: Foul Ball, location: 2F
0-2: Foul Ball, location: 2F
0-2: Ball
1-2: Ball
2-2: SINGLE (Groundball, 6D, EV 100.0 MPH)
Batting: SHB Justin Hensley 0-0: Foul Ball, location: 2F
0-1: Ball
1-1: Ball
2-1: Foul Ball, location: 2F
2-2: Ball
Passed Ball!
Alfredo Sena to second
3-2: Base on Balls
Pitching: RHP Jose Mata
Batting: RHB Drew Forbess 0-0: Ball
1-0: Ball
2-0: Ball
3-0: Foul Ball, location: 2F
3-1: Foul Ball, location: 2F
3-2: 3-RUN HOME RUN (Flyball, 7LD, EV 96.9 MPH), Distance : 351 ft
Batting: RHB Manny Olave 0-0: Swinging Strike
0-1: Ball
1-1: DOUBLE (Groundball, 5L, EV 101.2 MPH)
Batting: RHB Justin Marino 0-0: Ball
1-0: Ball
2-0: Called Strike
2-1: Ball
3-1: Base on Balls
Batting: RHB Jesus Menjivar 0-0: Ball
1-0: Fielders Choice at 2nd, 5-4 (Groundball, 5, EV 107.5 MPH)
Manny Olave to third
Batting: LHB John Fortin 0-0: Called Strike
0-1: Swinging Strike
0-2: Foul Ball, location: 2F
0-2: SINGLE (Groundball, 4S, EV 75.6 MPH) (infield hit)
Manny Olave scores
Jesus Menjivar to second
Batting: RHB Dan Allred 0-0: Called Strike
0-1: Swinging Strike
0-2: Ball
1-2: Ball
2-2: Strikes out looking
Bottom of the 5th over - 13 runs, 8 hits, 2 errors, 2 left on base; Chicago (APP) 1 - Helena 20
TOP OF THE 6TH
Chicago (APP) Cubs batting - Pitching for Helena Brewers : RHP Tom Wendel
Batting: RHB Adrian Cox 0-0: Ground out 6-3 (Groundball, 56, EV 103.1 MPH)
Batting: RHB Mike Hill 0-0: Foul Ball, location: 2F
0-1: Swinging Strike
0-2: Ball
1-2: Ball
2-2: Ball
3-2: Ground out 4-3 (Groundball, 4, EV 108.8 MPH)
Batting: LHB Hiroki Yamamoto 0-0: Swinging Strike
0-1: Ball
1-1: Ball
2-1: Swinging Strike
2-2: Ball
3-2: Strikes out swinging
Top of the 6th over - 0 runs, 0 hits, 0 errors, 0 left on base; Chicago (APP) 1 - Helena 20
BOTTOM OF THE 6TH
Helena Brewers batting - Pitching for Chicago (APP) Cubs : RHP Jose Mata
Batting: RHB Chris Fruit 0-0: Ball
1-0: Swinging Strike
1-1: Ball
2-1: Ball
3-1: Base on Balls
Batting: RHB Alfredo Sena 0-0: Foul Ball, location: 2F
0-1: Ball
Wild Pitch!
Chris Fruit to second
1-1: Ball
2-1: Swinging Strike
2-2: Ball
Wild Pitch!
Chris Fruit to third
3-2: Base on Balls
Batting: SHB Justin Hensley 0-0: Called Strike
0-1: Ball
1-1: Ball
2-1: Ball
3-1: Base on Balls
Alfredo Sena to second
Batting: RHB Drew Forbess 0-0: Ball
1-0: Ball
2-0: Ball
3-0: Base on Balls
Chris Fruit scores
Alfredo Sena to third
Justin Hensley to second
Batting: RHB Manny Olave 0-0: Ball
1-0: Ball
2-0: Ball
3-0: Called Strike
3-1: Fly out, F9 (Flyball, 89M, EV 91.2 MPH)
Runner from 3rd tags up, SCORES, throw by RF
Batting: RHB Justin Marino 0-0: Ball
1-0: Fielders Choice at 2nd, 3-6 (Groundball, 34S, EV 86.2 MPH)
Justin Hensley to third
Batting: RHB Jesus Menjivar 0-0: Swinging Strike
0-1: Ball
1-1: Foul Ball, location: 2F
1-2: Strikes out swinging
Bottom of the 6th over - 2 runs, 0 hits, 0 errors, 2 left on base; Chicago (APP) 1 - Helena 22
TOP OF THE 7TH
Chicago (APP) Cubs batting - Pitching for Helena Brewers : RHP Tom Wendel
Batting: RHB T.J. Garrison 0-0: Ball
1-0: Ball
2-0: Called Strike
2-1: Fly out, F8 (Flyball, 8RXD, EV 95.0 MPH)
Batting: RHB Dustin Goldsborough 0-0: Called Strike
0-1: Ground out 4-3 (Groundball, 4, EV 82.5 MPH)
Batting: RHB Andy Baumhardt 0-0: Ball
1-0: Ground out 6-3 (Groundball, 6, EV 103.8 MPH)
Top of the 7th over - 0 runs, 0 hits, 0 errors, 0 left on base; Chicago (APP) 1 - Helena 22
BOTTOM OF THE 7TH
Helena Brewers batting - Pitching for Chicago (APP) Cubs : RHP Jose Mata
Batting: LHB John Fortin 0-0: Foul Ball, location: 2F
0-1: Ball
1-1: Swinging Strike
1-2: Strikes out swinging
Batting: RHB Dan Allred 0-0: DOUBLE (Line Drive, 89M, EV 95.6 MPH)
Batting: RHB Chris Fruit 0-0: Ball
1-0: Ball
2-0: Ball
3-0: Base on Balls
Batting: RHB Alfredo Sena 0-0: Ball
1-0: SINGLE (Line Drive, 89S, EV 92.5 MPH)
Dan Allred to third
Chris Fruit to second
Runner from 3rd tries for Home, throw by CF and OUT! 8-2
Batting: SHB Justin Hensley 0-0: Called Strike
0-1: Ground out U3 (Groundball, 13, EV 83.1 MPH)
Bottom of the 7th over - 0 runs, 2 hits, 0 errors, 2 left on base; Chicago (APP) 1 - Helena 22
TOP OF THE 8TH
Chicago (APP) Cubs batting - Pitching for Helena Brewers : RHP Tom Wendel
Batting: LHB Velimir Sljivancanin 0-0: Called Strike
0-1: Foul Ball, location: 2F
0-2: Ball
1-2: Ground out U3 (Groundball, 3, EV 81.9 MPH)
Batting: RHB Ricardo Saucedo 0-0: Ball
1-0: Called Strike
1-1: Called Strike
1-2: Foul Ball, location: 2F
1-2: Foul Ball, location: 2F
1-2: Strikes out swinging
Batting: RHB Bogdan Sdobnyakov 0-0: Called Strike
0-1: Ball
1-1: Swinging Strike
1-2: Strikes out swinging
Top of the 8th over - 0 runs, 0 hits, 0 errors, 0 left on base; Chicago (APP) 1 - Helena 22
BOTTOM OF THE 8TH
Helena Brewers batting - Pitching for Chicago (APP) Cubs : RHP Jose Mata
Batting: RHB Drew Forbess 0-0: Ball
1-0: Ball
2-0: Foul Ball, location: 2F
2-1: Foul Ball, location: 2F
2-2: DOUBLE (Line Drive, 7LS, EV 96.2 MPH)
Batting: RHB Manny Olave 0-0: Ball
1-0: Called Strike
1-1: Ball
2-1: Ball
3-1: 2-RUN HOME RUN (Flyball, 78XD, EV 111.2 MPH), Distance : 427 ft
Batting: RHB Justin Marino 0-0: Ground out 3-1 (Groundball, 34, EV 104.4 MPH)
Batting: RHB Jesus Menjivar 0-0: Ball
1-0: Ball
2-0: Ball
3-0: Base on Balls
Batting: LHB John Fortin 0-0: Ball
1-0: Ball
2-0: Foul Ball, location: 2F
2-1: Ball
3-1: Base on Balls
Jesus Menjivar to second
Batting: RHB Dan Allred 0-0: Called Strike
0-1: Fielders Choice at 2nd, 4-6 (Groundball, 4, EV 86.9 MPH)
Jesus Menjivar to third
Batting: RHB Chris Fruit 0-0: Ball
1-0: Ball
2-0: Foul Ball, location: 2F
2-1: Ball
3-1: Base on Balls
Dan Allred to second
Batting: RHB Alfredo Sena 0-0: Foul Ball, location: 2F
0-1: Fly out, F7 (Line Drive, 7S, EV 93.1 MPH)
Bottom of the 8th over - 2 runs, 2 hits, 0 errors, 3 left on base; Chicago (APP) 1 - Helena 24
TOP OF THE 9TH
Chicago (APP) Cubs batting - Pitching for Helena Brewers : RHP Tom Wendel
Pitching: LHP Tony Salazar
Batting: RHB Adrian Cox 0-0: Foul Ball, location: 2F
0-1: Ball
1-1: Foul Ball, location: 2F
1-2: Foul Ball, location: 2F
1-2: Ball
2-2: Strikes out looking
Batting: RHB Mike Hill 0-0: Foul Ball, location: 2F
0-1: Ball
1-1: Foul Ball, location: 2F
1-2: Ball
2-2: Strikes out swinging, 2-3 out at first.
Batting: LHB Hiroki Yamamoto 0-0: Ball
1-0: Called Strike
1-1: Ball
2-1: Foul Ball, location: 2F
2-2: Strikes out swinging
Top of the 9th over - 0 runs, 0 hits, 0 errors, 0 left on base; Chicago (APP) 1 - Helena 24
Tuesday, September 13th , 2022 - OOTP Baseball 23.7 Build 88